 Dungeon Crawl Stone Soup version 0.27.1 (webtiles) character file.

Game seed: 17773334504115577717

69 Ishikawa the Skirmisher (level 4, -3/35 HPs)
             Began as a Demonspawn Monk on Aug 24, 2021.
             Killed from afar by Natasha (5 damage)
             ... with a magic dart
             ... on level 2 of the Dungeon.
             The game lasted 00:02:35 (1269 turns).

Ishikawa the Skirmisher (Demonspawn Monk)           Turns: 1269, Time: 00:02:36

Health: -3/35      AC:  3    Str: 12    XL:     4   Next: 2%
Magic:  3/5        EV: 12    Int: 11    God:
Gold:   47         SH:  0    Dex: 16    Spells: 4/4 levels left

rFire    + . .     SeeInvis .   a - +0 falchion
rCold    + . .     Faith    .   (no shield)
rNeg     . . .     Spirit   .   c - +0 leather armour
rPois    .         Reflect  .   (no helmet)
rElec    .         Harm     .   g - scarf {rC+ rF+}
rCorr    .         Rampage  .   (no gloves)
Will     .....                  (no boots)
Stlth    ++........             (no amulet)
HPRegen  0.11/turn              (no ring)
MPRegen  0.09/turn              (no ring)

@: no status effects
A: claws 1, hooves 1
a: no special abilities


You were on level 2 of the Dungeon.
You visited 1 branch of the dungeon, and saw 2 of its levels.

You collected 47 gold pieces.

Inventory:

Hand Weapons
 a - a +0 falchion (weapon)
Armour
 c - a +0 leather armour (worn)
 g - a scarf of resistance (worn)
Magical Staves
 f - a staff of death
Scrolls
 b - a scroll of amnesia {unknown}
 e - a scroll of brand weapon {unknown}
 i - a scroll of identify {unknown}
 j - a scroll of holy word {unknown}
Potions
 d - a potion of lignification {unknown}
 h - 2 potions of curing {unknown}
 k - a potion of mutation {unknown}


   Skills:
 * Level 3.4 Fighting
 * Level 3.4 Long Blades
 * Level 0.8 Armour
 * Level 3.0 Dodging
 * Level 2.0 Stealth
 * Level 0.7 Spellcasting


You had 4 spell levels left.
You didn't know any spells.
Your spell library was empty.

Dungeon Overview and Level Annotations

Branches:
Dungeon (2/15)

Altars:

Annotations:
D:2 Natasha


Innate Abilities, Weirdness & Mutations

You have sharp fingernails.
You have large cloven feet.


Message History

Natasha stares at you and mumbles some strange words.
The magic dart hits you.
You completely miss Natasha. Your kick misses Natasha.
Natasha is almost dead.
Natasha claws you but does no damage.
You closely miss Natasha. You kick Natasha.
Natasha is almost dead.
Natasha claws you but does no damage.
You closely miss Natasha.
Natasha is almost dead.
Natasha casts a spell.
You hit Natasha but do no damage.
Natasha is almost dead.
Natasha misses you.
You closely miss Natasha. Your kick misses Natasha.
Natasha is almost dead.
Natasha claws you!
* * * LOW HITPOINT WARNING * * *
Natasha mumbles some strange words.
You hit Natasha.
You kill Natasha!
Natasha yowls pathetically as she dies!
The iron imp disappears in a puff of smoke!
The shadow imp disappears in a puff of smoke! x2
Your Dodging skill increases to level 3!
You have reached level 4!
You feel agile.
Your demonic ancestry asserts itself...
Your fingernails lengthen.
You see here a jackal corpse.
Found 4 gold pieces and a robe.
Found 10 gold pieces.
You now have 47 gold pieces (gained 11).
You start resting.
Natasha, Servant of Life and Death comes into view.
She is carrying a wand of flame (4).
Natasha zaps a wand.
The puff of flame hits you. You resist.
* * * LOW HITPOINT WARNING * * *
You see here a jackal corpse.
Natasha stares at you and mumbles some strange words.
The magic dart hits you.
You die...

## #. .....# #. ....$#
#.# ### .....# #.# #..
.....# #.########.##
...$.# #........... .....
#..#######.######h.##
#...## #..@.†......#
#..#.## #..###.#........
##..##.###..# #..........
#...........# ........>[.
##...#.###.##.##...#.##.#
#....## #.##. #.###.# #
#...## #.## #.# # #...#
#.# #.? #...#####.##.##.


You could see Natasha.

Vanquished Creatures
  Natasha (twice) (D:2)
  A dart slug (D:2)
  2 ball pythons (D:1)
  A goblin (D:1)
  2 hobgoblins (D:1)
  3 jackals (D:2)
  2 quokkas
  2 bats
  A kobold (D:1)
  2 rats (D:1)
18 creatures vanquished.

Notes
Turn   | Place    | Note
-------+----------+-------------------------------------------
     0 | D:1      | Ishikawa the Demonspawn Monk began the quest for the Orb.
     0 | D:1      | Reached XP level 1. HP: 18/18 MP: 1/1
    79 | D:1      | Found a faded altar of an unknown god.
   480 | D:1      | Gained mutation: You have large cloven feet. [demonic
                  | ancestry]
   480 | D:1      | Reached XP level 2. HP: 22/24 MP: 2/2
  1001 | D:2      | Noticed Natasha
  1010 | D:2      | Noticed a crimson imp
  1016 | D:2      | Killed Natasha
  1017 | D:2      | Reached XP level 3. HP: 13/29 MP: 3/3
  1041 | D:2      | Noticed Natasha
  1258 | D:2      | Killed Natasha
  1259 | D:2      | Gained mutation: You have sharp fingernails. [demonic
                  | ancestry]
  1259 | D:2      | Reached XP level 4. HP: 5/35 MP: 3/5
  1264 | D:2      | Noticed Natasha
  1269 | D:2      | Killed from afar by Natasha

Illustrated notes

Levels and vault maps discovered:
D:1:      psy_arrival_basics, layout_loops_ring, ebering_ecumenical_altar_box,
          serial_bayou_pond_a, minmay_misc_feat_chi, lemuel_old_faithful
D:2:      layout_loops_ring, uniq_jessica, uniq_natasha

Skill      XL: |  1  2  3 |
---------------+----------+-----
Long Blades    | 3 |  3.4
Stealth        | 2 |  2.0
Dodging        | 3 |  3.0
Fighting       | |  3.4
Armour         | |  0.8
Spellcasting   | |  0.7

Action                   |  1- 3 |  4- 6 || total
-------------------------+-------+-------++-------
Melee: Falchion          |    69 |       ||    69
       Kick              |    10 |       ||    10
 Stab: Sleeping          |     2 |       ||     2
Armor: Leather armour    |    15 |       ||    15
       Robe              |     2 |       ||     2
Dodge: Dodged            |    43 |       ||    43
       Rpst.: Falchion   |    13 |       ||    13
